 Dungeon Crawl Stone Soup version 0.28.0-45-g0d030f2227 (webtiles) character file.

Game seed: 1838448962726426204

91 psko the Magician (level 4, 0/21 HPs)
             Began as a Spriggan Conjurer on Apr 10, 2022.
             Was a Follower of Okawaru.
             Slain by an orc
             ... wielding a +2 hand axe of freezing
              (1 damage)
             ... on level 3 of the Dungeon.
             The game lasted 00:14:00 (2400 turns).

psko the Magician (Spriggan Conjurer)               Turns: 2400, Time: 00:14:01

Health: 0/21       AC:  2    Str:  5    XL:     4   Next: 33%
Magic:  7/10       EV: 17    Int: 19    God:    Okawaru [*.....]
Gold:   72         SH:  0    Dex: 13    Spells: 9/10 levels left

rFire   . . .      SeeInvis +   c - +5 dagger
rCold   . . .      Faith    .   (no shield)
rNeg    . . .      Spirit   .   a - +0 robe
rPois   .          Reflect  .   (helmet restricted)
rElec   .          Harm     .   (no cloak)
rCorr   .          Rampage  .   (gloves unavailable)
Will    .....                   (boots unavailable)
Stlth   ++........              (no amulet)
HPRegen 0.07/turn               (no ring)
MPRegen 0.12/turn               (no ring)

@: very quick
A: very small, no large weapons, unfitting armour, see invisible, speed 3
a: Renounce Religion, Heroism


You were on level 3 of the Dungeon.
You worshipped Okawaru.
Okawaru was aware of your devotion.
You visited 1 branch of the dungeon, and saw 3 of its levels.

You collected 72 gold pieces.

Inventory:

Hand Weapons
 c - a +5 dagger (weapon)
 g - a +0 short sword
Missiles
 d - 2 poisoned darts
 i - 4 datura-tipped darts
Armour
 a - a +0 robe (worn)
Magical Staves
 b - a staff of air
Scrolls
 e - a scroll of acquirement {unknown}
 f - a scroll of enchant armour {unknown}
 h - a scroll of holy word {unknown}
 j - a scroll of blinking {unknown}
Potions
 k - a potion of curing {unknown}


   Skills:
 + Level 0.1 Short Blades
 + Level 0.6 Staves
 + Level 3.5 Dodging
 + Level 3.6 Stealth
 + Level 3.7 Spellcasting
 + Level 3.5 Conjurations


You had 9 spell levels left.
You knew the following spells:

 Your Spells              Type           Power      Damage    Failure   Level
a - Magic Dart            Conj           64%        1d6       3%          1

Your spell library contained the following spells:

 Spells                   Type           Power      Damage    Failure   Level
 Searing Ray              Conj           32%        2d5       4%          2
 Dazzling Flash           Conj/Hex       20%        N/A       21%         3
 Blink                    Tloc           6%         N/A       22%         2
 Fulminant Prism          Conj/Hex       5%         3d7       56%         4
 Iskenderun's Mystic Bla  Conj/Tloc      10%        2d4       56%         4
 Manifold Assault         Tloc           3%         N/A       98%         5
 Storm Form               Tmut/Air       1%         N/A       100%        7


Dungeon Overview and Level Annotations

Branches:
Dungeon (3/15)

Altars:
Okawaru


Innate Abilities, Weirdness & Mutations

You are very small and have problems with some larger weapons.
You are too small for most types of armour.
You have supernaturally acute eyesight. (SInv)
You cover ground extremely quickly. (Speed+++)


Message History

You're too confused to cast spells.
Unknown command.
Unknown command.
You bump into the rock wall.
You bump into the rock wall.
You feel less confused. The orc barely misses you.
You hit the orc.
The orc is almost dead.
The orc closely misses you.
You closely miss the orc.
The orc is almost dead.
The orc closely misses you.
You hit the orc but do no damage.
The orc is almost dead.
The orc wizard casts a spell.
The orc wizard flickers and vanishes for a moment.
The orc closely misses you.
You hit the orc.
You kill the orc!
Okawaru accepts your kill.
The orc throws a boomerang.
The boomerang barely misses the orc wizard.
The boomerang closely misses you. The orc wizard barely misses you.
You see here a +0 club.
You puncture the orc wizard!
You kill the orc wizard!
Okawaru accepts your kill.
You have reached level 4!
You hit the orc.
The orc is heavily wounded.
The orc hits you with a +2 hand axe of freezing!
* * * LOW HITPOINT WARNING * * *
The orc freezes you.
* * * LOW HITPOINT WARNING * * *
You hit the orc.
The orc is severely wounded.
The orc hits you with a +2 hand axe of freezing.
You die...

#..............
#.###...#######
#.# #...# #.#
#...# ##.#
##### #..# #.##
#.# #@# #o# #o#
#.#
#....†.....#
#.............
....###.#.<....
.!# #.#.#.#.. #
#.#.#.S..


You could see 2 orcs.

Vanquished Creatures
  An orc wizard (D:3)
  2 adders (D:2)
  2 dart slugs (D:1)
  An orc (D:3)
  5 ball pythons (D:1)
  4 endoplasms
  3 giant cockroaches
  3 hobgoblins (D:1)
  2 jackals (D:2)
  3 kobolds
  A quokka (D:2)
  4 bats
  6 frilled lizards
  4 goblins
  2 rats (D:1)
43 creatures vanquished.

Vanquished Creatures (others)
  8 fungi (D:1)
  4 plants (D:1)
12 creatures vanquished.

Grand Total: 55 creatures vanquished

Notes
Turn   | Place    | Note
-------+----------+-------------------------------------------
     0 | D:1      | psko the Spriggan Conjurer began the quest for the Orb.
     0 | D:1      | Reached XP level 1. HP: 9/9 MP: 5/5
   456 | D:1      | Reached XP level 2. HP: 5/13 MP: 0/7
   658 | D:1      | Found a faded altar of an unknown god.
   675 | D:1      | Prayed at the altar of an unknown god.
   675 | D:1      | Became a worshipper of Warmaster Okawaru
   675 | D:1      | Reached * piety under Okawaru
  1284 | D:1      | Reached XP level 3. HP: 16/16 MP: 4/8
  2399 | D:3      | Reached XP level 4. HP: 11/21 MP: 7/10
  2399 | D:3      | HP: 1/21 [orc/+2 hand axe of freezing (3)]
  2400 | D:3      | Slain by an orc

Illustrated notes

Levels and vault maps discovered:
D:1:      shiori_arrival_maze, layout_basic,
          shapermc_ecumenical_altar_mp_urbaneastern
D:2:      layout_loops_ring
D:3:      layout_loops_ring, dk_yredelemnul_ordeal, lemuel_doored_altar

Skill      XL: |  1  2  3 |
---------------+----------+-----
Conjurations   | 3 |  3.5
Spellcasting   | 3 |  3.7
Dodging        | 3 |  3.5
Short Blades   | |  0.1
Staves         | |  0.6
Stealth        | |  3.6

Action                   |  1- 3 |  4- 6 || total
-------------------------+-------+-------++-------
Melee: Staff             |    33 |       ||    33
       Dagger            |    81 |     2 ||    83
       Punch             |     5 |       ||     5
 Cast: Magic Dart        |    64 |       ||    64
  Use: Scroll            |     2 |       ||     2
 Stab: Sleeping          |     2 |       ||     2
Armor: Robe              |     7 |       ||     7
Dodge: Dodged            |    73 |       ||    73
